cohdb
Replays
Latest Replays
All Replays
Popular Replays
Top Player Replays
Match Explorer
How It Works
Community
CoH3 Stats
Reddit
Sign in to upload your games and track your stats! →
Sign in with Steam
Match 40230429
Unlisted
Match 40230429
Overview
Messages
Build Orders
End
Construct Barracks
1⁄4-ton 4x4 Truck
Riflemen Squad
Riflemen Squad
Riflemen Squad
M1 Mortar Team
Construct Weapon Support Center
M1919 Machine Gun Team
Construct Medical Station
Selects Special Operations Battlegroup
Selects M29 Weasel with M1 Pack Howitzer
M29 Weasel with M1 Pack Howitzer
Infantry Support Center
M1918 Browning Automatic Rifles
Construct Tank Depot
Sniper
Selects Mark Vehicle
Selects M4A1 Sherman Whizbang
M4A1 Sherman Whizbang
Selects Raiding Flares
Raiding Flares
Grenade Package
Genki
Brigadierbadge®
0
0
Comments
sign in to comment!
No comments posted yet!